 Dungeon Crawl Stone Soup version 0.31-a0-667-g39726597b9 (webtiles) character file.

Game seed: 16045661086990910120

70 Essalna the Conjurer (level 4, 0/33 HPs)
             Began as a Demonspawn Conjurer on Sept 4, 2023.
             Slain by Terence
             ... wielding a +0 trident
              (9 damage)
             ... on level 3 of the Dungeon.
             The game lasted 00:03:17 (1808 turns).

Essalna the Conjurer (Demonspawn Conjurer)          Turns: 1808, Time: 00:03:17

Health: 0/33       AC:  3    Str:  7    XL:     4   Next: 3%
Magic:  3/8        EV: 17    Int: 22    God:
Gold:   122        SH:  0    Dex: 11    Spells: 7/8 levels left

rFire   . . .        e - +0 flail
rCold   . . .        (no shield)
rNeg    . . .        a - +0 robe
rPois   .            (no helmet)
rElec   .            (no cloak)
rCorr   .            m - +0 pair of gloves
SInv    .            (no boots)
Will    .....        (no amulet)
Stlth   ++           j - +5 ring of evasion
HPRegen 0.25/turn    (no ring)
MPRegen 0.22/turn

%: no passive effects
@: no status effects
A: magic regeneration
a: no special abilities


You were on level 3 of the Dungeon.
You visited 1 branch of the dungeon, and saw 3 of its levels.

You collected 122 gold pieces.

Inventory:

Hand Weapons
 e - a +0 flail (weapon)
Armour
 a - a +0 robe (worn)
 m - a +0 pair of gloves (worn)
Magical Staves
 n - a staff of cold
Jewellery
 j - a +5 ring of evasion (left hand)
Scrolls
 c - a scroll of summoning {unknown}
 d - a scroll of noise
 h - 2 scrolls of identify {unknown}
 k - a scroll of teleportation {unknown}
 o - a scroll of fear {unknown}
Potions
 l - a potion of haste {unknown}


   Skills:
 + Level 2.0 Fighting
 - Level 1.7 Dodging
 - Level 1.7 Stealth
 + Level 2.8 Spellcasting
 + Level 4.5 Conjurations


You had 7 spell levels left.
You knew the following spells:

 Your Spells              Type           Power      Damage    Failure   Level
a - Magic Dart            Conj           92%        1d7       1%          1

Your spell library contained the following spells:

 Spells                   Type           Power      Damage    Failure   Level
 Searing Ray              Conj           46%        2d6       3%          2
 Dazzling Flash           Conj/Hex       26%        N/A       16%         3
 Fulminant Prism          Conj/Hex       6%         3d7       45%         4
 Iskenderun's Mystic Bla  Conj/Tloc      13%        2d5       45%         4


Dungeon Overview and Level Annotations

Branches:
Dungeon (3/15)

Altars:

Shops:
D:1 [

Annotations:
D:2 Robin
D:3 Terence


Innate Abilities, Weirdness & Mutations

You regenerate magic rapidly.


Message History

Terence is severely wounded.
The rat misses you. Terence hits you with a +0 trident.
* * * LOW HITPOINT WARNING * * *
The rat attacks as it pursues you! The rat completely misses you.
Terence barely misses you. The rat attacks as it pursues you!
The rat closely misses you.
You feel better. The rat closely misses you.
Casting: Magic Dart (safe; 1% risk of failure)
Confirm with . or Enter, or press ? or * to list all spells.
Aiming: Magic Dart (safe; 1% risk of failure)
Press: ? - help, Shift-Dir - straight line, f/p - Terence
Aim: Terence, wielding a +0 trident and wearing a +0 scale mail (severely wounded, 100% to hit)
The magic dart hits the rat but does no damage.
Terence misses you. The rat closely misses you.
Casting: Magic Dart (safe; 1% risk of failure)
Confirm with . or Enter, or press ? or * to list all spells.
Aiming: Magic Dart (safe; 1% risk of failure)
Press: ? - help, Shift-Dir - straight line, f/p - Terence
Aim: Terence, wielding a +0 trident and wearing a +0 scale mail (severely wounded, 100% to hit)
The magic dart hits the rat.
You kill the rat!
Terence hits you from afar with a +0 trident.
Casting: Magic Dart (safe; 1% risk of failure)
Confirm with . or Enter, or press ? or * to list all spells.
Aiming: Magic Dart (safe; 1% risk of failure)
Press: ? - help, Shift-Dir - straight line, f/p - Terence
Aim: Terence, wielding a +0 trident and wearing a +0 scale mail (severely wounded, 100% to hit)
The magic dart hits Terence but does no damage.
Terence is severely wounded.
Terence hits you from afar with a +0 trident.
* * * LOW HITPOINT WARNING * * *
Casting: Magic Dart (safe; 1% risk of failure)
Confirm with . or Enter, or press ? or * to list all spells.
Aiming: Magic Dart (safe; 1% risk of failure)
Press: ? - help, Shift-Dir - straight line, f/p - Terence
Aim: Terence, wielding a +0 trident and wearing a +0 scale mail (severely wounded, 100% to hit)
The magic dart hits Terence.
Terence is severely wounded.
Terence hits you from afar with a +0 trident!
You die...

####### ###...)<#
##...##)##
##....##.# ##
#..#..##.#
...######.##..##@#
#..........[..#†#
###..........#@#
#..........#.#
#!...........#
.....!.........###
#...........$..#
........†......#
...##..........#


You could see Terence.

Vanquished Creatures
  An adder (D:2)
  2 worms
  A dart slug (D:1)
  3 endoplasms
  13 goblins
  4 hobgoblins
  6 kobolds
  3 quokkas (D:1)
  2 ball pythons (D:2)
  3 bats
  4 frilled lizards
  6 rats
48 creatures vanquished.

Notes
Turn   | Place    | Note
-------+----------+-------------------------------------------
     0 | D:1      | Essalna the Demonspawn Conjurer began the quest for the
                  | Orb.
     0 | D:1      | Reached XP level 1. HP: 13/13 MP: 3/3
   131 | D:1      | Found Rathixt's Armour Shoppe.
   284 | D:1      | Gained mutation: You regenerate magic rapidly. [demonic
                  | ancestry]
   284 | D:1      | Reached XP level 2. HP: 11/20 MP: 0/5
   364 | D:1      | Reached skill level 1 in Fighting
  1089 | D:2      | Found a faded altar of an unknown god.
  1109 | D:2      | Reached XP level 3. HP: 26/26 MP: 2/6
  1624 | D:2      | Noticed Robin
  1725 | D:3      | Reached XP level 4. HP: 33/33 MP: 3/8
  1774 | D:3      | Noticed Terence
  1808 | D:3      | Slain by Terence

Illustrated notes

Levels and vault maps discovered:
D:1:      minmay_arrival_four_loops, layout_basic, serial_shops,
          nicolae_shop_behind_doors
D:2:      layout_loops_cross, hellmonk_ecumenical_altar_leap_of_faith,
          uniq_robin
D:3:      layout_rooms, minmay_misc_feat_pillars, uniq_terence

Skill      XL: |  1  2  3 |
---------------+----------+-----
Fighting       | 1 2 |  2.0
Dodging        | |  1.7
Stealth        | |  1.7
Spellcasting   | |  2.8
Conjurations   | |  4.5

Action                     |  1- 3 |  4- 6 || total
---------------------------+-------+-------++-------
  Melee: Unarmed           |    12 |       ||    12
         Flail             |    12 |     3 ||    15
   Cast: Magic Dart        |    90 |    15 ||   105
    Use: Potion            |     2 |     4 ||     6
         Scroll            |       |     1 ||     1
 Armour: Robe              |    26 |     9 ||    35
  Dodge: Dodged            |    27 |    20 ||    47

Table legend: (Time is in decaauts)
 A = Elapsed time spent in this place.
 B = Non-inter-level travel time spent in this place.
 C = Inter-level travel time spent in this place.
 D = Time resting spent in this place.
 E = Time spent auto-exploring this place.
 F = Levels seen in this place.
 G = Mean time per level.
                   A        B        C        D        E       F      G
               +--------+--------+--------+--------+--------+-----+--------+
         Total |   1812 |   1792 |     20 |      0 |   1534 |   3 |  604.0 |
       Dungeon |   1812 |   1792 |     20 |      0 |   1534 |   3 |  604.0 |
               +--------+--------+--------+--------+--------+-----+--------+

Top non-repeatable levels by time:
     D:1: 1050 daAuts
     D:2: 583 daAuts
     D:3: 177 daAuts
